 Dungeon Crawl Stone Soup version 0.29.1-12-g30fa7ad0bf (webtiles) character file.

Game seed: 12825316294215536808

52 mortz the Trooper (level 3, -2/33 (36) HPs)
             Began as a Troll Fighter on Dec 22, 2022.
             Slain by Crazy Yiuf
             ... wielding a +2 quarterstaff of chaos
              (7 damage)
             ... on level 3 of the Dungeon.
             The game lasted 00:08:18 (1432 turns).

mortz the Trooper (Troll Fighter)                   Turns: 1432, Time: 00:08:19

HP:   -2/33 (36)    AC:  8    Str: 26    XL:     3   Next: 60%
MP:   2/2           EV:  8    Int: 10    God:
Gold: 48            SH:  7    Dex:  9    Spells: 2/2 levels left

rFire   . . .      SeeInvis .   a - +0 war axe
rCold   . . .      Faith    .   c - +0 kite shield
rNeg    . . .      Spirit   .   b - +0 robe
rPois   .          Reflect  .   (helmet restricted)
rElec   .          Harm     .   (no cloak)
rCorr   .          Rampage  .   (gloves unavailable)
Will    .....                   (boots unavailable)
Stlth   +.........              k - amulet of magic regeneration
HPRegen 0.91/turn               i - +4 ring of protection
MPRegen 0.48/turn               q - +6 ring of intelligence

@: hasted, drained, very quick
A: large, unfitting armour, claws 3, regeneration 1, shaggy fur 1, tough skin 1
a: no special abilities


You were on level 3 of the Dungeon.
You visited 1 branch of the dungeon, and saw 3 of its levels.

You collected 118 gold pieces.
You spent 70 gold pieces at shops.

Inventory:

Hand Weapons
 a - a +0 war axe (weapon)
 f - a +2 short sword of speed
Missiles
 e - 16 stones (quivered)
Armour
 b - a +0 robe (worn)
 c - a +0 kite shield (worn)
Jewellery
 i - a +4 ring of protection (left claw)
 j - a ring of ice
 k - an amulet of magic regeneration (around neck)
 q - a +6 ring of intelligence (right claw)
Scrolls
 g - a scroll of fog {unknown}
 m - a scroll of enchant armour {unknown}
Potions
 d - a potion of might
 h - a potion of degeneration {unknown}
 l - 3 potions of lignification {unknown}
 n - a potion of attraction {unknown}
 o - a potion of heal wounds
 p - a potion of curing {unknown}


   Skills:
 + Level 2.9 Fighting
 * Level 2.9 Axes
 - Level 2.4 Dodging
 - Level 2.6 Shields


You had 2 spell levels left.
You didn't know any spells.
Your spell library contained the following spells:

 Spells                   Type           Power      Damage    Failure   Level
 Beastly Appendage        Tmut           0%         N/A       67%         1
 Slow                     Hex            0%         N/A       67%         1
 Static Discharge         Conj/Air       0%         3-3/arc   80%         2
 Wereblood                Tmut           0%         N/A       80%         2
 Confusing Touch          Hex            0%         N/A       95%         3
 Spider Form              Tmut/Pois      0%         N/A       95%         3
 Vampiric Draining        Necr           0%         2d6       95%         3
 Airstrike                Air            0%         2d(0-16)  100%        4
 Dispel Undead            Necr           0%         3d6       100%        4
 Sticky Flame             Conj/Fire      0%         2d3       100%        4
 Summon Lightning Spire   Summ/Air       0%         N/A       100%        4
 Lightning Bolt           Conj/Air       0%         1d11      100%        5


Dungeon Overview and Level Annotations

Branches:
Dungeon (3/15) Zot: 16518

Altars:

Shops:
D:2 !

Annotations:
D:3 Crazy Yiuf, Jessica


Innate Abilities, Weirdness & Mutations

You are too large for most types of armour.
You have claws for hands.
Your natural rate of healing is unusually fast.
You are covered in fur. (AC +1)
You have tough skin. (AC +1)


Message History

Crazy Yiuf burns you.
* * * LOW HITPOINT WARNING * * *
You barely miss Crazy Yiuf. Crazy Yiuf closely misses you.
Crazy Yiuf attacks as you move away! Crazy Yiuf barely misses you.
Crazy Yiuf whimpers, "Island blue dark!"
Crazy Yiuf attacks as you move away! Crazy Yiuf attacks as you move away!
Crazy Yiuf twirls on the spot.
Crazy Yiuf attacks as you move away!
Crazy Yiuf hits you with a +2 quarterstaff of chaos!
* * * LOW HITPOINT WARNING * * *
You feel drained.
Crazy Yiuf says, "Earwax mumblescurry hand!"
You hit Crazy Yiuf but do no damage.
Crazy Yiuf hits you with a +2 quarterstaff of chaos.
* * * LOW HITPOINT WARNING * * *
Crazy Yiuf hits you with a +2 quarterstaff of chaos.
* * * LOW HITPOINT WARNING * * *
You feel drained. Crazy Yiuf attacks as you move away!
Crazy Yiuf barely misses you.
Crazy Yiuf screams, "Shadow chair Xom!"
Crazy Yiuf attacks as you move away!
Crazy Yiuf hits you with a +2 quarterstaff of chaos.
* * * LOW HITPOINT WARNING * * *
You feel drained.
You hit Crazy Yiuf but do no damage.
Crazy Yiuf glowers.
Crazy Yiuf barely misses you.
You slash Crazy Yiuf!
Crazy Yiuf is moderately wounded.
Crazy Yiuf yells, "Fire!
Iron leg canine."
Crazy Yiuf hits you with a +2 quarterstaff of chaos.
You feel yourself speed up.
Crazy Yiuf hits you with a +2 quarterstaff of chaos.
* * * LOW HITPOINT WARNING * * *
You closely miss Crazy Yiuf.
Crazy Yiuf is moderately wounded.
Crazy Yiuf says, "Seed!
Seed aubergine illywillydillykilly."
Crazy Yiuf hits you with a +2 quarterstaff of chaos!
You die...

♣♣P..♣ #.#
♣.P.P♣
#.###
##..##
#...
#....###.#
#........#
##.......#
##......#
#.....g#
#.....@#
#...##†#
#)..##.#
#...##<#
#...####
#....
...#.#
#####.# .#


You could see Crazy Yiuf.

Vanquished Creatures
  An adder (D:2)
  A worm (D:2)
  A dart slug (D:1)
  4 bats
  3 endoplasms
  6 giant cockroaches
  4 hobgoblins
  4 ball pythons
  3 frilled lizards
  4 kobolds (D:1)
  5 rats
36 creatures vanquished.

Notes
Turn   | Place    | Note
-------+----------+-------------------------------------------
     0 | D:1      | mortz the Troll Fighter began the quest for the Orb.
     0 | D:1      | Reached XP level 1. HP: 22/22 MP: 0/0
   353 | D:1      | Reached XP level 2. HP: 29/29 MP: 1/1
  1042 | D:2      | Reached XP level 3. HP: 36/36 MP: 2/2
  1069 | D:2      | Found a faded altar of an unknown god.
  1080 | D:2      | Found Nuigoorch's Distillery.
  1093 | D:2      | Bought a potion of heal wounds for 70 gold pieces
  1363 | D:3      | Noticed Jessica
  1408 | D:3      | Found a runed translucent door.
  1409 | D:3      | Noticed Crazy Yiuf
  1432 | D:3      | Slain by Crazy Yiuf

Illustrated notes

Levels and vault maps discovered:
D:1:      dpeg_arrival_simpleton_c, layout_loops_corners
D:2:      cheibrodos_helix_gallery, layout_basic,
          ebering_ecumenical_altar_ruins, serial_shops, shop
D:3:      layout_basic, grunt_dithmenos_smoke_and_mirrors, lemuel_tele_altar,
          serial_shops, shop, grunt_ministairs_10, minivault_27,
          minmay_misc_feat_tower, serial_bayou_lake_a, uniq_jessica,
          uniq_crazy_yiuf_cottage

Skill      XL: |  1 |
---------------+----+-----
Axes           | 2 |  2.9
Fighting       | |  2.9
Dodging        | |  2.4
Shields        | |  2.6

Action                   || total
-------------------------++-------
Melee: War axe           ||    90
Throw: Stone             ||    11
Armor: Robe              ||    34
Dodge: Dodged            ||    28
Block: Kite shield       ||    26
